 Dungeon Crawl Stone Soup version 0.19-b1-5-gdc9fa9d (webtiles) character file.

196 dorian the Skirmisher (level 5, 0/57 HPs)
             Began as an Ogre Hunter on Oct 31, 2016.
             Slain by an adder (3 damage)
             ... on level 4 of the Dungeon.
             The game lasted 00:05:27 (2962 turns).

dorian the Skirmisher (Ogre Hunter)                 Turns: 2962, Time: 00:05:28

Health: 0/57       AC:  4    Str: 18    XL:     5   Next: 75%
Magic:  5/5        EV: 10    Int: 10    God:
Gold:   58         SH:  0    Dex: 13    Spells: 0 memorised, 4 levels left

rFire  + . .     SeeInvis .     i - +0 mace
rCold  + . .     Gourm    .     b - +0 robe
rNeg   . . .     Faith    .     (no shield)
rPois  +         Spirit   .     (helmet restricted)
rElec  +         Reflect  .     u - +0 cloak
rCorr  +         Harm     .     (gloves unavailable)
MR     .....                    (boots unavailable)
Stlth  +.........               (no amulet)
                                (no ring)
                                d - +3 ring of dexterity

@: lethally poisoned (0 -> -3), resistant, very slightly contaminated, hasted,
very quick
A: unfitting armour, tough skin 1
a: no special abilities


You were on level 4 of the Dungeon.
You were hungry.

You visited 1 branch of the dungeon, and saw 4 of its levels.

You collected 58 gold pieces.

Inventory:

Hand Weapons
 a - a +0 short sword
 i - a +0 mace (weapon)
Armour
 b - a +0 robe (worn)
 u - a +0 cloak (worn)
Jewellery
 d - a +3 ring of dexterity (left hand)
Scrolls
 e - 2 scrolls of fog {unknown}
 g - a scroll of blinking {unknown}
 h - 3 scrolls of teleportation {unknown}
 j - a scroll of enchant armour {unknown}
 l - 2 scrolls of immolation {unknown}
 m - a scroll of identify {unknown}
 n - 2 scrolls of amnesia {unknown}
 r - a scroll of noise {unknown}
 t - 4 scrolls of remove curse {unknown}
Comestibles
 f - 2 bread rations
 k - a beef jerky
 o - a royal jelly


   Skills:
 + Level 5.5 Fighting
 * Level 2.2 Maces & Flails
 + Level 5.3 Throwing
 - Level 1.7 Dodging
 - Level 0.6 Stealth


You had 4 spell levels left.
You didn't know any spells.

Dungeon Overview and Level Annotations

Branches:
Dungeon (4/15)
 Temple: D:4-7

Altars:

Annotations:
D:3 Grinder


Innate Abilities, Weirdness & Mutations

You are too large for most types of armour.
You have tough skin. (AC +1)


Message History

You hit the adder.
The adder is severely wounded.
You feel sick. The adder bites you but does no damage.
You closely miss the adder.
The adder is severely wounded.
The adder bites you.
* * * LOW HITPOINT WARNING * * *
You hit the adder.
The adder is almost dead.
The adder bites you but does no damage. The adder barely misses you.
You miss the adder.
The adder is almost dead.
You feel sick. The adder bites you.
* * * LOW HITPOINT WARNING * * *
You are lethally poisoned!
The adder poisons you!
You closely miss the adder.
The adder is almost dead.
The adder bites you.
You die...

##.....###..# #..###.†#
##.....###..## #.##
#..o.o..# ###.....#.#...#
##.# ##.......#
.o...####....## ##..#
#|#.....( ..)###
#..#..###..## ##..####(..
....#####..##......##....##
.. ........#.#####.......#
. # #####.....# ##.###..###
.# ####..# #.@# #..# .#
##.# ##S## #..#.# #.#
#..####.o## .... ##.#
###.......#.## ..##
#..##......#####.## .##
##........## ##o## #.#
##......#.## ##.##..#
........).# ##og.#####
###...#<.[# ##.g.......


You could see an adder and an orc.

Vanquished Creatures
  A centaur zombie (D:4)
  A worker ant (D:4)
  8 adders
  An ooze (D:1)
  2 worms (D:2)
  2 dart slugs
  2 leopard geckos (D:2)
  5 orcs (D:4)
  2 giant cockroaches (D:1)
  7 hobgoblins
  6 jackals
  A quokka (D:2)
  2 bats (D:1)
  3 frilled lizards (D:1)
  3 goblins (D:1)
  A kobold (D:2)
  6 rats
53 creatures vanquished.

Notes
Turn   | Place    | Note
-------+----------+-------------------------------------------
     0 | D:1      | dorian the Ogre Hunter began the quest for the Orb.
     0 | D:1      | Reached XP level 1. HP: 22/22 MP: 1/1
   253 | D:1      | Reached XP level 2. HP: 20/31 MP: 2/2
   959 | D:1      | Reached XP level 3. HP: 23/39 MP: 3/3
  1807 | D:2      | Reached XP level 4. HP: 49/49 MP: 4/4
  2135 | D:2      | You fall through a shaft!
  2138 | D:3      | Noticed Grinder
  2138 | D:3      | Reached skill level 5 in Throwing
  2262 | D:4      | Reached skill level 5 in Fighting
  2452 | D:4      | Reached XP level 5. HP: 32/57 MP: 5/5
  2738 | D:4      | Reached skill level 1 in Maces & Flails
  2962 | D:4      | Slain by an adder

Skill      XL: |  1  2  3  4  5 |
---------------+----------------+-----
Fighting       | 3 4 5 |  5.5
Throwing       | 5 |  5.3
Maces & Flails | 2 |  2.2
Dodging        | |  1.7
Stealth        | |  0.6

Action                   |  1- 3 |  4- 6 || total
-------------------------+-------+-------++-------
Melee: Short sword       |   171 |    61 ||   232
       Mace              |       |    27 ||    27
Throw: Large rock        |     5 |    14 ||    19
       Throwing net      |       |     2 ||     2
  Use: Potion            |       |     3 ||     3
  Eat: Chunk             |     3 |     3 ||     6
Armor: Robe              |    39 |    38 ||    77
Dodge: Dodged            |    83 |    66 ||   149
